 Dungeon Crawl Stone Soup version 0.21-a0-81-gc5150db (console) character file.

44 Duffy the Cudgeler (level 3, 27/27 HPs)
             Began as a Human Gladiator on June 23, 2017.
             Quit the game on level 2 of the Dungeon.
             The game lasted 00:01:12 (1373 turns).

Duffy the Cudgeler (Human Gladiator)                Turns: 1373, Time: 00:01:13

Health: 27/27      AC:  4    Str: 15    XL:     3   Next: 87%
Magic:  3/3        EV: 13    Int:  8    God:
Gold:   59         SH:  0    Dex: 14    Spells: 2/2 levels left

rFire    . . .     SeeInvis .   a - +0 flail
rCold    . . .     Gourm    .   (no shield)
rNeg     . . .     Faith    .   b - +0 leather armour
rPois    .         Spirit   .   c - +0 helmet
rElec    .         Reflect  .   (no cloak)
rCorr    .         Harm     .   (no gloves)
MR       .....                  (no boots)
Stlth    +.........             (no amulet)
HPRegen  0.09/turn              (no ring)
MPRegen  0.08/turn              (no ring)

@: no status effects
A: no striking features
a: no special abilities


You were on level 2 of the Dungeon.
You were not hungry.

You visited 1 branch of the dungeon, and saw 2 of its levels.

You collected 59 gold pieces.

Inventory:

Hand Weapons
 a - a +0 flail (weapon)
Missiles
 d - 3 throwing nets (quivered)
Armour
 b - a +0 leather armour (worn)
 c - a +0 helmet (worn)
Scrolls
 e - 2 scrolls of immolation {unknown}
 h - 2 scrolls of teleportation {unknown}
 i - a scroll of identify {unknown}
 j - a scroll of blinking {unknown}
 k - a scroll of recharging {unknown}
 m - a scroll of remove curse {unknown}
Potions
 g - a potion of brilliance {unknown}
 o - a potion of ambrosia {unknown}
Books
 l - a book of Misfortune

   Spells                             Type                      Level
   a - Confusing Touch                Hexes                        1
   b - Confuse                        Hexes                        3
   c - Gell's Gravitas                Translocation                3
   d - Petrify                        Transmutation/Earth          4
   e - Metabolic Englaciation         Hexes/Ice                    5
   f - Yara's Violent Unravelling     Hexes/Transmutation          5
Comestibles
 f - 2 bread rations
 n - a meat ration


   Skills:
 - Level 2.0 Fighting
 + Level 4.5 Maces & Flails
 - Level 2.0 Throwing
 - Level 3.0 Dodging


You had 2 spell levels left.
You didn't know any spells.

Dungeon Overview and Level Annotations

Branches:
Dungeon (2/15)

Altars:


Message History

Your Maces & Flails skill increases to level 4!
You have reached level 3!
Your experience leads to an increase in your attributes!
Increase (S)trength, (I)ntelligence, or (D)exterity?
You feel stronger.
The kobold hits you but does no damage. x2
You hit the kobold but do no damage. The kobold misses you.
The kobold hits you but does no damage.
You sock the kobold!
You kill the kobold!
You feel yourself speed up.
Some of the chunks of flesh in your inventory have rotted away.
All of the chunks of flesh in your inventory have rotted away.
HP restored.
You now have 59 gold pieces (gained 7).
l - a book of Misfortune Save game and exit?
Welcome back, Duffy the Human Gladiator.
Press ? for a list of commands and other information.
Are you sure you want to abandon this character and quit the game? (Confirm with "yes".)

##.# #... #...
#... ###...
#..... .
#...######..
#+#@.......
#......###.
#.##..........
#.##..........
#.##..........
#.##......#.##
#.##......#.###
#.##.#.#.......
#.##.#.#.......


There were no monsters in sight!

Vanquished Creatures
  Natasha (D:2)
  4 bats
  5 goblins (D:1)
  3 hobgoblins (D:1)
  A frilled lizard (D:1)
  2 kobolds
  3 rats (D:1)
19 creatures vanquished.

Notes
Turn   | Place    | Note
-------+----------+-------------------------------------------
     0 | D:1      | Duffy the Human Gladiator began the quest for the Orb.
     0 | D:1      | Reached XP level 1. HP: 16/16 MP: 1/1
   261 | D:1      | Reached XP level 2. HP: 11/22 MP: 2/2
  1221 | D:2      | Noticed Natasha
  1231 | D:2      | Killed Natasha
  1231 | D:2      | Reached skill level 4 in Maces & Flails
  1231 | D:2      | Reached XP level 3. HP: 14/27 MP: 3/3
  1373 | D:2      | Upgraded the game from 0.21-a0-79-g04744e2 to 0.21-a0-81-gc5150db
  1373 | D:2      | Quit the game

Vault maps used:
D:1:      dpeg_arrival_solitude, minmay_cut_off
D:2:      serial_corexii_hall, corexii_hall_statues_l, corexii_hall_statues_x,
          uniq_natasha

Skill      XL: |  1  2 |
---------------+-------+-----
Maces & Flails | 4 |  4.5
Fighting       | |  2.0
Throwing       | |  2.0
Dodging        | |  3.0

Action                   || total
-------------------------++-------
Melee: Flail             ||    64
  Eat: Chunk             ||     1
Armor: Leather armour    ||    18
Dodge: Dodged            ||    43
